 Dungeon Crawl Stone Soup version 0.21-a0-621-gc60411f (webtiles) character file.

1096 slep the Slasher (level 8, -2/61 HPs)
             Began as a Demonspawn Gladiator on Dec 24, 2017.
             Was a Believer of Okawaru.
             Slain by an orc warrior
             ... wielding a +0 flail
              (15 damage)
             ... on level 5 of the Dungeon.
             The game lasted 00:20:53 (4518 turns).

slep the Slasher (Demonspawn Gladiator)             Turns: 4518, Time: 00:20:53

Health: -2/61      AC: 21    Str: 15    XL:     8   Next: 10%
Magic:  8/8        EV: 10    Int: 10    God:    Okawaru [**....]
Gold:   316        SH:  0    Dex: 16    Spells: 7/7 levels left

rFire    + . .     SeeInvis .   a - +0 long sword
rCold    . . .     Gourm    .   (no shield)
rNeg     . . .     Faith    .   b - +0 leather armour
rPois    .         Spirit   .   c - +0 helmet
rElec    .         Reflect  .   C - scarf {repulsion}
rCorr    .         Harm     .   i - +2 pair of gloves
MR       .....                  (no boots)
Stlth    +.........             (no amulet)
HPRegen  0.20/turn              k - +5 ring of protection
MPRegen  0.11/turn              (no ring)

@: sanguine armour, extremely drained, repel missiles
A: demonic guardian 1, fire resistance 1, sanguine armour 2
a: Heroism, Renounce Religion


You were on level 5 of the Dungeon.
You worshipped Okawaru.
Okawaru was pleased with you.
You were not hungry.

You visited 1 branch of the dungeon, and saw 6 of its levels.

You collected 316 gold pieces.

Inventory:

Hand Weapons
 a - a +0 long sword (weapon)
 q - a +0 spear of venom
Missiles
 d - a throwing net (quivered)
 r - 69 sling bullets
Armour
 b - a +0 leather armour (worn)
 c - a +0 helmet (worn)
 i - a +2 pair of gloves (worn)
 C - a scarf of repulsion (worn)
Jewellery
 k - a +5 ring of protection (left hand)
 u - an uncursed ring of protection from fire {unknown}
Scrolls
 e - a scroll of blinking {unknown}
 h - 2 scrolls of enchant armour {unknown}
 j - 8 scrolls of identify {unknown}
 l - 3 scrolls of remove curse {unknown}
 n - 4 scrolls of immolation {unknown}
 t - a scroll of teleportation {unknown}
 w - a scroll of amnesia {unknown}
 y - a scroll of enchant weapon {unknown}
Potions
 g - 2 potions of resistance {unknown}
 m - 2 potions of magic {unknown}
 o - 2 potions of flight {unknown}
 p - 2 potions of curing {unknown}
 s - a potion of cancellation {unknown}
 v - a potion of brilliance {unknown}
 z - a potion of might
 B - 2 potions of agility {unknown}
Books
 A - a book of Geomancy

   Spells                             Type                      Level
   a - Sandblast                      Earth                        1
   b - Passwall                       Transmutation/Earth          2
   c - Stone Arrow                    Conjuration/Earth            3
   d - Petrify                        Transmutation/Earth          4
   e - Lee's Rapid Deconstruction     Earth                        5
Comestibles
 f - 8 rations


   Skills:
 + Level 4.3(0.0) Fighting
 + Level 6.5(0.5) Long Blades
 + Level 1.9(0.0) Throwing
 + Level 2.8(0.0) Armour
 + Level 4.6(0.0) Dodging
 + Level 1.0(0.0) Stealth


You had 7 spell levels left.
You didn't know any spells.

Dungeon Overview and Level Annotations

Branches:
Dungeon (6/15)             Temple (0/1) D:5

Altars:
Fedhas
Hepliaklqana
Okawaru
Trog
Xom
The Shining One

Annotations:
D:3 exclusion: oklob plant
D:4 Grinder


Innate Abilities, Weirdness & Mutations

A weak demonic guardian rushes to your aid.
Your flesh is heat resistant. (rF+)
When seriously injured, your bleeding wounds create thick armour. (AC +9)


Message History

You catch the helpless orc warrior completely off-guard!
You hit the orc warrior but do no damage.
The orc warrior struggles against the net.
You hit the orc warrior but do no damage.
The orc warrior struggles against the net.
You hit the orc warrior.
The orc warrior is lightly wounded.
The orc warrior struggles against the net. x2
You hit the orc warrior.
The orc warrior is moderately wounded.
The orc warrior struggles against the net.
You hit the orc warrior but do no damage.
The orc warrior is moderately wounded.
The orc warrior struggles against the net.
The net rips apart, and the orc warrior comes free!
The orc warrior hits you but does no damage.
You barely miss the orc warrior.
The orc warrior is moderately wounded.
The orc warrior hits you with a flail!
You die...

##### ....# ###.#
######## .##.#######
#...†..# ..........#
#.####.#
.##.#####.###.####.#
.##.# #......5@#.#
....# #####.##o#.#
.#### #.##.#.# .#
#......# .##
########......# ..#
#.....##..#.#.# ..#
#.[...##....#.# ..##
#<....##......#
...###.....##...#..#


You could see an orc warrior and a friendly ufetubus.

Vanquished Creatures
  3 centaurs
  A jelly (D:5)
  2 hounds
  5 orc wizards
  A bullfrog skeleton (D:5)
  An orc priest (D:3)
  A worker ant (D:5)
  4 gnolls (D:2)
  6 adders
  2 shadow imps (D:6)
  2 oozes (D:2)
  2 worms
  2 dart slugs (D:1)
  6 leopard geckos
  17 orcs
  2 giant cockroaches
  3 goblins
  4 hobgoblins
  6 jackals (D:3)
  9 kobolds
  2 quokkas
  2 ball pythons (D:4)
  6 bats
  8 frilled lizards
  7 rats
104 creatures vanquished.

Vanquished Creatures (collateral kills)
  Menkaure (D:5)
  A sky beast (D:5)
  An ogre (D:5)
  The ghost of slep the Slasher, an amateur BaGl (D:3)
  2 orc priests (D:5)
  A centaur skeleton (D:4)
  A jelly (D:5)
  An orc wizard (D:5)
  3 orcs
  A bat (D:3)
  A quokka (D:2)
14 creatures vanquished.

Vanquished Creatures (others)
  A fungus (D:3)
  14 toadstools (D:3)
15 creatures vanquished.

Grand Total: 133 creatures vanquished

Notes
Turn   | Place    | Note
-------+----------+-------------------------------------------
     0 | D:1      | slep the Demonspawn Gladiator began the quest for the Orb.
     0 | D:1      | Reached XP level 1. HP: 16/16 MP: 1/1
   190 | D:1      | Gained mutation: A weak demonic guardian rushes to your aid. [demonic ancestry]
   190 | D:1      | Reached XP level 2. HP: 17/22 MP: 2/2
   304 | D:1      | Reached skill level 3 in Long Blades
   638 | D:2      | Gained mutation: When seriously injured, your bleeding wounds create armour. (AC +9) [demonic ancestry]
   638 | D:2      | Reached XP level 3. HP: 27/27 MP: 3/3
   676 | D:2      | Found a bloodstained altar of Trog.
   745 | D:2      | Reached skill level 1 in Armour
   889 | D:2      | Reached XP level 4. HP: 31/33 MP: 4/4
  1460 | D:3      | Gained mutation: When seriously injured, your bleeding wounds create thick armour. (AC +9) [demonic ancestry]
  1460 | D:3      | Reached XP level 5. HP: 24/39 MP: 5/5
  1832 | D:3      | Found a glowing golden altar of the Shining One.
  2051 | D:3      | Found a blossoming altar of Fedhas.
  2062 | D:3      | Noticed slep's ghost (amateur BaGl)
  2065 | D:3      | Noticed an oklob plant
  2078 | D:3      | Killed slep's ghost
  2078 | D:3      | Reached skill level 4 in Long Blades
  2214 | D:3      | Found a hazy altar of Hepliaklqana.
  2585 | D:4      | Noticed Grinder
  2591 | D:4      | Paralysed by Grinder for 4 turns
  2697 | D:5      | Entered Level 5 of the Dungeon
  2724 | D:4      | Reached XP level 6. HP: 7/47 MP: 6/6
  2777 | D:4      | Found an iron altar of Okawaru.
  2782 | D:4      | Became a worshipper of Warmaster Okawaru
  3107 | D:4      | Reached * piety under Okawaru
  3107 | D:4      | Reached skill level 5 in Long Blades
  3203 | D:5      | Gained mutation: Your flesh is heat resistant. (rF+) [demonic ancestry]
  3203 | D:5      | Reached XP level 7. HP: 52/52 MP: 7/7
  3213 | D:5      | Found a staircase to the Ecumenical Temple.
  3554 | D:5      | Reached skill level 6 in Long Blades
  3666 | D:5      | Reached ** piety under Okawaru
  3702 | D:5      | Noticed Menkaure
  3712 | D:5      | Killed Menkaure
  4102 | D:5      | Reached XP level 8. HP: 61/61 MP: 8/8
  4213 | D:6      | Reached skill level 1 in Stealth
  4215 | D:6      | Found a shimmering altar of Xom.
  4518 | D:5      | Slain by an orc warrior

Vault maps used:
D:1:      minmay_arrival_open_corners, minmay_misc_feat_enclosed,
          grunt_decor_arrowhead
D:2:      bloody_trog, first_ration
D:3:      tgw_fedhas, tso_metal_star, lemuel_coloured_pillars_altar
D:4:      kennysheep_little_box, marbit_many_paths, uniq_grinder, uniq_robin
D:5:      minmay_temple_entry_grid, gup_sewer_entry_bubbles, uniq_menkaure
D:6:      lemuel_crystal_altar, hangedman_abyss_or_decor_passed,
          uniq_crazy_yiuf_cottage

Skill      XL: |  1  2  3  4  5  6  7  8 |
---------------+-------------------------+-----
Dodging        | 3 4 |  4.6
Long Blades    | 3 4 5 6 |  6.5
Armour         | 1 2 |  2.8
Fighting       | 3 4 |  4.3
Stealth        | 1 |  1.0
Throwing       | |  1.9

Action                   |  1- 3 |  4- 6 |  7- 9 || total
-------------------------+-------+-------+-------++-------
Melee: Long sword        |   124 |   145 |   215 ||   484
Throw: Throwing net      |       |     1 |     1 ||     2
 Stab: Held in net/web   |       |     1 |     1 ||     2
  Eat: Chunk             |       |     5 |     4 ||     9
       Ration            |       |     1 |       ||     1
Armor: Leather armour    |    66 |    61 |    98 ||   225
Dodge: Dodged            |   116 |   141 |   114 ||   371
       Deflected         |       |       |     1 ||     1
       Rpst.: Long sword |    26 |    46 |    31 ||   103

Table legend:
 A = Spawn XP
 B = Non-spawn XP
 C = Spawn XP percentage of total XP
 D = Spawn monster count
 E = Non-spawn monster count
 F = Spawn count percentage of total count
 G = Total turns spent on level
                    A         B        C        D         E        F      G
               +---------+---------+-------+---------+---------+-------+---------
         Total |       0 |    1566 |   0.0 |       0 |     118 |   0.0 |  4518
               +---------+---------+-------+---------+---------+-------+---------
           D:1 |       0 |      33 |   0.0 |       0 |      20 |   0.0 |   631
           D:2 |       0 |     121 |   0.0 |       0 |      20 |   0.0 |   813
           D:3 |       0 |     193 |   0.0 |       0 |      27 |   0.0 |  1031
           D:4 |       0 |     196 |   0.0 |       0 |       8 |   0.0 |   686
           D:5 |       0 |     889 |   0.0 |       0 |      35 |   0.0 |  1210
           D:6 |       0 |     134 |   0.0 |       0 |       8 |   0.0 |   147
               +---------+---------+-------+---------+---------+-------+---------
